AoeStats
← viwa

Arena

509833794Analyzed
1v1 RM · 4d ago on Sep 28, 2026· 36m 46s· 2 players
Game mode
Random Map
Map size
Tiny (2 player)
Population
200
Speed
Normal
Resources
Standard
Victory
Conquest
Starting age
Dark Age
Ending age
Imperial Age
RankedLock teamsTeams togetherTeam positionsShared explorationLock speedFull tech treeHidden civsTurbo modeCheats
Victory
Defeat
🇹🇼 Turks · Taiwan
1027
+14
🇸🇪 Britons · Sweden
986
-14
viwa
10:41 Feudal Age
12:19 Double-Bit Axe
12:15 Horse Collar
15:11 Castle Age
14:51 Loom
21:01 Wheelbarrow
20:47 Town Watch
20:56 Horse Collar
21:57 Bow Saw
27:30 Crossbowman
29:53 Fletching
30:33 Bodkin Arrow
31:12 Padded Archer Armor
戳中之霸 DY能兒
5:55 Loom
11:48 Feudal Age
15:40 Castle Age
13:41 Double-Bit Axe
17:26 Wheelbarrow
20:37 Imperial Age
18:49 Loom
19:10 Gold Mining
22:05 Padded Archer Armor
28:42 Horse Collar
Connection lost

Rejoining the realm…

Still unreachable

The connection could not be restored.

Session expired

The server has moved on; the page needs a fresh start.